 Dungeon Crawl Stone Soup version 0.30.0-29-ga12c61a403 (webtiles) character file.

Game seed: 6686299959832640522

1440 boopmooplesden the Slasher (level 8, 0/70 HPs)
             Began as a White Draconian Berserker on June 22, 2023.
             Was an Elder of Trog.
             Slain by a water moccasin (1 damage)
             ... on level 6 of the Dungeon.
             The game lasted 00:08:04 (5410 turns).

boopmooplesden the Slasher (DrBe)                   Turns: 5410, Time: 00:08:04

Health: 0/70       AC:  9    Str: 28    XL:     8   Next: 46%
Magic:  8/8        EV: 12    Int:  8    God:    Trog [****..]
Gold:   294        SH:  8    Dex: 10    Spells: 7/7 levels left

rFire   . . .        k - +7 falchion of Qaommuor {elec, rPois rC++}
rCold   + + +        q - +0 kite shield
rNeg    . . .        (body armour unavailable)
rPois   +            (helmet restricted)
rElec   .            t - +0 cloak
rCorr   .            m - +1 pair of gloves
SInv    .            (no boots)
Will    .....        (no amulet)
Stlth   ++           n - +6 ring of strength
HPRegen 0.31/turn    (no ring)
MPRegen 0.11/turn

%: no passive effects
@: mighty, lethally poisoned (0 -> -7), about to teleport, studying Long Blades
A: breathe frost, AC +6, unfitting armour, cold resistance 1, cold-blooded
a: Breathe Frost, Renounce Religion, Berserk, Trog's Hand, Brothers in Arms


You were on level 6 of the Dungeon.
You worshipped Trog.
Trog was greatly pleased with you.
You visited 1 branch of the dungeon, and saw 6 of its levels.
You also visited: Sewer and Ossuary.

You collected 294 gold pieces.

Inventory:

Hand Weapons
 a - a +0 hand axe
 k - the +7 falchion of Qaommuor (weapon) {elec, rPois rC++}
   (You found it on level 2 of the Dungeon)

   rC:        It greatly protects you from cold.
   rPois:     It protects you from poison.
 z - a +2 demon blade of draining
Missiles
 l - 10 javelins (quivered)
Armour
 m - a +1 pair of gloves (worn)
 q - a +0 kite shield (worn)
 t - a +0 cloak (worn)
Jewellery
 g - a ring of flight
 n - a +6 ring of strength (left hand)
 w - a ring of ice
Wands
 o - a wand of light (9)
 r - a wand of polymorph (6)
Scrolls
 d - a scroll of enchant armour
 f - 6 scrolls of identify
 h - a scroll of magic mapping
 j - 3 scrolls of immolation
 p - 3 scrolls of poison {unknown}
 s - a scroll of brand weapon {unknown}
 u - a scroll of fog {unknown}
 y - a scroll of teleportation
Potions
 b - 2 potions of heal wounds {unknown}
 c - a potion of curing {unknown}
 e - 11 potions of flight
 i - a potion of mutation {unknown}
 v - 3 potions of attraction {unknown}
 x - 2 potions of lignification {unknown}
 A - a potion of haste {unknown}
 B - 3 potions of might
 C - a potion of invisibility {unknown}
 D - a potion of cancellation {unknown}


   Skills:
 + Level 6.1 Fighting
 + Level 6.5 Long Blades
 + Level 4.1 Axes
 + Level 4.9 Dodging
 + Level 2.2 Stealth
 + Level 3.1 Shields


You had 7 spell levels left.
You didn't know any spells.
Your spell library was empty.

Dungeon Overview and Level Annotations

Branches:
Dungeon (6/15)             Temple (0/1) D:6           Sewer (visited)
Ossuary (visited)

Altars:
Dithmenos
Gozag
Kikubaaqudgha
Nemelex Xobeh
Yredelemnul
Zin

Shops:
D:2 =


Innate Abilities, Weirdness & Mutations

You can breathe waves of freezing cold which knock back foes.
Your icy white scales are hard. (AC +6)
You cannot fit into any form of body armour.
Your flesh is cold resistant. (rC+)
You are cold-blooded and may be slowed by cold attacks.


Message History

The ball of steam hits you!
You hear an angry hiss.
You hit the steam dragon but do no damage.
Lightning courses through the steam dragon!
You kill the steam dragon!
Trog accepts your kill.
You are engulfed in a cloud of scalding steam.
* * * LOW HITPOINT WARNING * * *
Your Shields skill increases to level 3!
You completely miss the water moccasin.
Your tail-slap misses the water moccasin.
You are engulfed in a cloud of scalding steam.
* * * LOW HITPOINT WARNING * * *
You block the water moccasin's attack.
The water moccasin bites you but does no damage.
You closely miss the water moccasin.
The water moccasin bites you but does no damage.
You miss the water moccasin. The water moccasin bites you.
* * * LOW HITPOINT WARNING * * *
You block the water moccasin's attack.
You slash the water moccasin!
The water moccasin is moderately wounded.
The water moccasin barely misses you.
You hit the water moccasin.
The water moccasin is moderately wounded.
The water moccasin barely misses you.
An adder comes into view.
The water moccasin bites you.
* * * LOW HITPOINT WARNING * * *
As you read the scroll of teleportation, it crumbles to dust.
You feel strangely unstable. The water moccasin bites you.
* * * LOW HITPOINT WARNING * * *
You are lethally poisoned!
The water moccasin poisons you!
It was a potion of might.
You feel very mighty all of a sudden.
* * * LOW HITPOINT WARNING * * *
You feel very sick. The water moccasin barely misses you.
The water moccasin bites you.
You die...

,,,* ********* *,,,,,,,* *,,,
########.......# *,,...,,* *,,,
#..............# *,....,,* *,,,
..#####........# *,....,,* *,,,
...............# *.....,,*****,,,
.###*#.........###...,,,,,,,,,,,,
...# #.........#...,,,,,,*****,,,
.#.###.......###S#####.#** *,,,,
>...............@S.....#*****,***
...#†#......)..####.####,,,,*,,,,
(.....................,,,,,,,,,,,
########.....#.#####.#**,,,,*****
,,,,,* ##.#..#.#*,,,,,,,,,,**,,,,
,***,***#.#....#*,,,,,,,,,,**,,,,
,* *,,,,..######*,,,,,,,,,,**,,,,
,* ****#### *,,,,,,,,,,****** ,*
*,,,,,,,,,,*


You could see a water moccasin and an adder.

Vanquished Creatures
  A steam dragon (D:6)
  Menkaure (D:6)
  2 ogres (D:5)
  A kobold brigand (D:5)
  3 water moccasin zombies (Ossuary)
  3 scorpions
  2 jellies
  A hound (D:4)
  An orc wizard (D:4)
  4 iguanas
  2 mummies (Ossuary)
  4 gnolls
  9 adders
  5 river rats (Sewer)
  An ufetubus (D:5)
  4 adder zombies (Ossuary)
  6 worms
  3 dart slugs
  11 orcs
  7 endoplasms
  2 giant cockroaches (D:2)
  3 gnoll zombies (Ossuary)
  5 goblins
  6 hobgoblins
  4 jackals (Sewer)
  2 quokkas
  20 ball pythons
  15 bats
  3 frilled lizards (D:1)
  8 hobgoblin zombies (Ossuary)
  17 kobolds
  3 kobold zombies (Ossuary)
  5 orc zombies (Ossuary)
  9 rats
173 creatures vanquished.

Vanquished Creatures (others)
  2 gnolls (D:6)
2 creatures vanquished.

Grand Total: 175 creatures vanquished

Notes
Turn   | Place    | Note
-------+----------+-------------------------------------------
     0 | D:1      | boopmooplesden the Draconian Berserker began the quest for
                  | the Orb.
     0 | D:1      | Reached XP level 1. HP: 19/19 MP: 1/1
   169 | D:1      | Reached XP level 2. HP: 26/26 MP: 2/2
   509 | D:1      | Reached ** piety under Trog
   678 | D:2      | Reached XP level 3. HP: 26/33 MP: 3/3
   874 | D:2      | Identified the +7 falchion of Qaommuor {elec, rPois rC++}
  1159 | D:2      | Found Lolocea's Jewellery Shop.
  1190 | D:2      | Reached XP level 4. HP: 31/40 MP: 4/4
  1506 | D:2      | Found a shadowy altar of Dithmenos.
  1561 | D:3      | Noticed a scorpion
  1571 | D:3      | Killed a scorpion
  1572 | D:3      | Reached skill level 1 in Long Blades
  1702 | D:3      | Found an ancient bone altar of Kikubaaqudgha.
  1782 | D:3      | Reached XP level 5. HP: 47/47 MP: 5/5
  1938 | D:3      | Found a glowing silver altar of Zin.
  1944 | D:3      | Found a sparkling altar of Nemelex Xobeh.
  1947 | D:3      | Found an opulent altar of Gozag.
  1949 | D:3      | Found a basalt altar of Yredelemnul.
  2522 | D:4      | Reached XP level 6. HP: 53/53 MP: 6/6
  3155 | D:5      | Entered Level 5 of the Dungeon
  3178 | D:5      | Reached *** piety under Trog
  3179 | D:5      | Reached skill level 1 in Stealth
  3181 | D:5      | Found a glowing drain.
  3201 | Sewer    | Entered a sewer
  3353 | Sewer    | Reached skill level 5 in Fighting
  3860 | D:5      | Reached skill level 1 in Shields
  3860 | D:5      | Your scales start taking on an icy white colour.
  3860 | D:5      | Reached XP level 7. HP: 35/61 MP: 7/7
  3860 | D:5      | Gained mutation: Your flesh is cold resistant. (rC+) [White
                  | Draconian growth]
  4094 | D:5      | Reached **** piety under Trog
  4682 | D:5      | Reached skill level 5 in Long Blades
  5014 | D:6      | Found a sand-covered staircase.
  5016 | D:6      | Noticed Menkaure
  5026 | D:6      | Killed Menkaure
  5027 | D:6      | Reached XP level 8. HP: 68/70 MP: 8/8
  5046 | Ossuary  | Entered an ossuary
  5280 | D:6      | Identified 2 scrolls of acquirement
  5280 | D:6      | Acquired a manual of Long Blades
  5284 | D:6      | Acquired a +2 demon blade of draining
  5410 | D:6      | HP: 1/70 [poisoned by a water moccasin]
  5410 | D:6      | Slain by a water moccasin

Illustrated notes

Levels and vault maps discovered:
D:1:      lemuel_arrival_behind_the_door_small, layout_basic
D:2:      layout_basic, serial_shops, nicolae_shop_behind_doors, basic_altar,
          hangedman_decor_riveting
D:3:      layout_basic, overflow_temple_1_default, minitemple
D:4:      layout_gridville, corner_web_ring
D:5:      cheibrodos_thug_alley, layout_basic, cheibrodos_sewer_entry_sluice,
          eino_small_chamber_without_monster, ebering_dispersal_statue_hall
D:6:      layout_basic, mainiacjoe_overflow_big_doors,
          minmay_temple_entry_statues_pillars, enter_ossuary_1, uniq_menkaure,
          uniq_maggie

Skill      XL: |  1  2  3  4  5  6  7  8 |
---------------+-------------------------+-----
Dodging        | 3 4 |  4.9
Fighting       | 4 5 6 |  6.1
Long Blades    | 1 2 4 5 6 |  6.5
Axes           | 4 |  4.1
Stealth        | 1 2 |  2.2
Shields        | 1 2 3 |  3.1

Action                     |  1- 3 |  4- 6 |  7- 9 || total
---------------------------+-------+-------+-------++-------
  Melee: Hand axe          |    79 |       |       ||    79
         Tailslap          |     8 |    12 |    13 ||    33
         Falchion          |    16 |   172 |   136 ||   324
 Invoke: Berserk           |       |     2 |       ||     2
    Use: Scroll            |       |     6 |     4 ||    10
         Potion            |       |       |     1 ||     1
   Stab: Sleeping          |     1 |     1 |     1 ||     3
 Armour: Skin              |    37 |    78 |    55 ||   170
  Dodge: Dodged            |    73 |   144 |    80 ||   297
  Block: Kite shield       |       |    58 |    56 ||   114
